 Dungeon Crawl Stone Soup version 0.31.0-11-ge490571c62 (webtiles) character file.

Game seed: 4330228658007396826

15418 Ekaitz the Jinx (level 12, -1/86 HPs)
             Began as a Vampire Enchanter on Feb 8, 2024.
             Was an Elder of Dithmenos.
             Slain by a yak (12 damage)
             ... on level 1 of the Lair of Beasts on Feb 9, 2024.
             The game lasted 00:45:56 (10422 turns).

Ekaitz the Jinx (Vampire Enchanter)                Turns: 10422, Time: 00:45:57

Health: -1/86      AC: 10    Str:  7    XL:     12   Next: 1%
Magic:  10/28      EV: 14    Int: 21    God:    Dithmenos [****..]
Gold:   626        SH:  5    Dex: 16    Spells: 11/21 levels left

rFire   . . .        a - +1 dagger (vamp)
rCold   + . .        t - +0 buckler
rNeg    . . .        w - +3 leather armour
rPois   .            r - +0 helmet
rElec   .            v - +0 cloak
rCorr   .            C - +0 pair of gloves
SInv    +            p - +0 pair of boots
Will    +....        U - amulet of regeneration
Stlth   ++++++       y - ring of protection from cold
HPRegen 1.34/turn    X - ring of magical power
MPRegen 0.21/turn

%: no passive effects
@: healing quickly, wreathed by umbra
A: alive, fangs 3, see invisible, vampiric 2
a: Exsanguinate, Renounce Religion, Shadow Step


You were on level 1 of the Lair of Beasts.
You worshipped Dithmenos.
Dithmenos was greatly pleased with you.
You visited 3 branches of the dungeon, and saw 12 of its levels.

You collected 626 gold pieces.

Inventory:

Hand Weapons
 a - a +1 vampiric dagger (weapon)
 b - a +1 antimagic dagger
 i - a +0 short sword of venom
 j - a +1 dagger of protection
 u - a +2 sling
 x - a +5 spear
 K - a +1 dagger of flaming
 M - a +4 scimitar
Missiles
 h - 4 javelins (quivered)
 m - 28 poisoned darts
 Y - a throwing net
Armour
 p - a +0 pair of boots (worn)
 r - a +0 helmet (worn)
 t - a +0 buckler (worn)
 v - a +0 cloak (worn)
 w - a +3 leather armour (worn)
 C - a +0 pair of gloves (worn)
Magical Staves
 s - a staff of cold
 T - a staff of air
Jewellery
 e - a ring of protection from cold
 l - a ring of poison resistance
 y - a ring of protection from cold (left hand)
 U - an amulet of regeneration (around neck)
 X - a ring of magical power (right hand)
Wands
 F - a wand of flame (6)
 G - a wand of polymorph (4)
 H - a wand of digging (2)
 W - a wand of iceblast (7)
Scrolls
 d - 5 scrolls of fog {unknown}
 f - a scroll of blinking {unknown}
 g - 3 scrolls of fear {unknown}
 q - 4 scrolls of revelation {unknown}
 z - a scroll of immolation
 B - a scroll of amnesia {unknown}
 I - 3 scrolls of teleportation {unknown}
 L - a scroll of poison {unknown}
 N - 2 scrolls of noise {unknown}
 O - a scroll of enchant weapon
 R - a scroll of summoning {unknown}
 V - 2 scrolls of brand weapon {unknown}
Potions
 c - a potion of invisibility
 k - 2 potions of attraction
 n - a potion of resistance
 o - 3 potions of brilliance
 A - 3 potions of ambrosia
 D - 3 potions of haste {unknown}
 E - 6 potions of curing {unknown}
 J - 2 potions of mutation
 Q - 2 potions of heal wounds
 S - 2 potions of berserk rage


   Skills:
 * Level 5.5 Fighting
 + Level 5.1 Short Blades
 + Level 1.0 Armour
 * Level 8.2 Dodging
 + Level 10.5 Stealth
 * Level 5.3 Shields
 + Level 5.2 Spellcasting
 * Level 11.2 Hexes
 * Level 6.4 Ice Magic
 * Level 2.3 Air Magic
 * Level 2.9 Alchemy
 * Level 4.7 Invocations
 * Level 5.0 Evocations


You had 11 spell levels left.
You knew the following spells:

 Your Spells              Type           Power      Damage    Failure   Level
a - Mercury Vapours       Alch/Air       32%        N/A       12%         2
b - Ensorcelled Hibernat  Hex/Ice        84%        N/A       1%          2
c - Confusing Touch       Hex            51%        N/A       1%          3
d - Tukima's Dance        Hex            51%        N/A       1%          3

Your spell library contained the following spells:

 Spells                   Type           Power      Damage    Failure   Level
 Dazzling Flash           Conj/Hex       58%        N/A       7%          3
 Anguish                  Hex/Necr       14%        N/A       24%         4
 Dimensional Bullseye     Hex/Tloc       14%        N/A       24%         4
 Mephitic Cloud           Conj/Alch/Air  12%        N/A       34%         3
 Silence                  Hex/Air        17%        N/A       38%         5
 Freezing Cloud           Conj/Ice/Air   8%         6-21      89%         5
 Iskenderun's Mystic Bla  Conj/Tloc      5%         2d3       94%         4
 Plasma Beam              Fire/Air       5%         2x1d15    100%        6


Dungeon Overview and Level Annotations

Branches:
Dungeon (10/15)            Temple (1/1) D:7            Lair (1/5) D:9
    Orc (0/2) D:9

Altars:
Ashenzari
Cheibriados
Dithmenos
Fedhas
Gozag
Hepliaklqana
Kikubaaqudgha
Makhleb
Nemelex Xobeh
Okawaru
Qazlal
Ru
Sif Muna
Trog
Uskayaw
Vehumet
Wu Jian
Xom
Yredelemnul

Shops:
D:9 [


Innate Abilities, Weirdness & Mutations

Your natural rate of healing is accelerated.
You have razor-sharp teeth.
You have supernaturally acute eyesight. (SInv)
You are afflicted with vampirism and can become a bat while bloodless.


Message History

You bite the yak.
The yak is heavily wounded.
The wolf bites you but does no damage. The yak barely misses you.
The wolf bites you.
Unknown command.
You hit the yak.
The yak is severely wounded.
The wolf bites you. You block the yak's attack.
Unknown command.
Your +0 short sword of venom stops dripping with poison.
You feel a bloodthirsty glee!
a - a +1 vampiric dagger (weapon)
You block the wolf's attack.
Unknown command.
You closely miss the wolf. You bite the wolf.
You kill the wolf!
Dithmenos accepts your kill. The yak gores you!
* * * LOW HITPOINT WARNING * * *
The wolf barely misses you.
Unknown command.
You barely miss the wolf.
Your shadow hits the wolf but does no damage.
The wolf bites you.
* * * LOW HITPOINT WARNING * * *
The yak closely misses you.
Unknown command.
You hit the yak but do no damage.
The yak is almost dead.
The wolf misses you. The yak closely misses you.
Unknown command.
You barely miss the yak.
The yak is almost dead.
The wolf bites you but does no damage. The wolf bites you.
* * * LOW HITPOINT WARNING * * *
Unknown command.
You barely miss the yak.
The yak is almost dead.
The yak gores you!
You die...

... #. ... +...8 .. .8. .
#.#... . # .. ..
.....#.#h.. ... .....#.#.
.... ###.##... ######
.....
#....#..##+YY#.#...... .
#.....#.†SYhh@.......# .#
#8.>Y8.##h####.......#
..##.S...##### #.......#
......8..### #........
#..#...##..# #........
.......S.Y## ........#
....)..#.hk...........#.#
.....<.#.!l..............
......Y#........


You could see 3 yaks, a water moccasin and 3 wolves.

Vanquished Creatures
  2 hydras (D:8)
  A centaur warrior (D:8)
  A boulder beetle (D:8)
  2 two-headed ogres (D:8)
  Pikel (D:5)
  A deep elf pyromancer (D:8)
  2 cyclopes (D:8)
  Joseph (D:8)
  A black mamba (Lair:1)
  A hornet (D:9)
  Grinder (D:6)
  Sigmund (D:4)
  A slime creature (D:8)
  A wraith (D:8)
  6 yaks
  A basilisk (Lair:1)
  A human (D:5)
  3 wyverns (D:9)
  Eustachio (D:6)
  Edmund (D:4)
  5 water moccasins
  Duvessa (D:6)
  5 orc warriors
  4 ice beasts
  5 black bears
  An ogre (D:7)
  3 wolves
  5 centaurs
  2 kobold brigands
  4 bullfrogs
  A gnoll sergeant (D:8)
  5 wights
  Dowan (D:6)
  12 killer bees
  2 howler monkeys
  A bombardier beetle (D:4)
  4 hounds
  A gnoll bouda (D:7)
  4 orc priests
  Crazy Yiuf (D:3)
  4 jellies
  11 orc wizards
  A sleepcap (D:8)
  2 iguanas
  Robin (D:3)
  11 gnolls
  12 adders
  A shadow imp (D:8)
  3 white imps
  2 ufetubi (D:5)
  3 dart slugs
  2 ribbon worms
  22 orcs
  10 ball pythons
  2 endoplasms
  3 giant cockroaches (D:1)
  19 goblins
  11 hobgoblins
  5 jackals
  10 kobolds
  A quokka (D:5)
  4 bats
  2 frilled lizards
  A jackal zombie (D:5)
  2 rats
242 creatures vanquished.

Vanquished Creatures (collateral kills)
  A two-headed ogre (D:8)
  A tengu warrior (D:8)
  Maggie (D:6)
  An ice beast (D:6)
  2 ogres
  A kobold brigand (D:8)
  9 wights
  5 gnolls
  2 orcs (D:7)
  An endoplasm (D:4)
24 creatures vanquished.

Vanquished Creatures (others)
  6 dancing weapons
  2 wights (D:8)
8 creatures vanquished.

Grand Total: 274 creatures vanquished

Notes
Turn   | Place    | Note
-------+----------+-------------------------------------------
     0 | D:1      | Ekaitz the Vampire Enchanter began the quest for the Orb.
     0 | D:1      | Reached XP level 1. HP: 13/13 MP: 3/3
   181 | D:1      | Reached XP level 2. HP: 20/20 MP: 5/5
   193 | D:1      | Learned a level 2 spell: Ensorcelled Hibernation
   941 | D:2      | Gained mutation: You are afflicted with vampirism and can
                  | become a bat while bloodless. [Vampire growth]
   941 | D:2      | Reached XP level 3. HP: 20/25 MP: 6/6
   945 | D:2      | Learned a level 3 spell: Confusing Touch
  1435 | D:2      | Reached skill level 1 in Fighting
  1603 | D:2      | Reached skill level 5 in Hexes
  1941 | D:3      | Found an iron altar of Okawaru.
  2060 | D:3      | Reached skill level 5 in Stealth
  2060 | D:3      | Reached XP level 4. HP: 32/32 MP: 7/7
  2092 | D:3      | Noticed Robin
  2103 | D:3      | Killed Robin
  2353 | D:3      | Reached skill level 1 in Ice Magic
  2358 | D:3      | Reached XP level 5. HP: 36/37 MP: 8/8
  2377 | D:3      | Learned a level 3 spell: Tukima's Dance
  2582 | D:3      | Found a runed translucent door.
  2583 | D:3      | Noticed Crazy Yiuf
  2584 | D:3      | Identified the +3 hammer of Beogh's Whim {vamp, Int+2}
  2591 | D:3      | Killed Crazy Yiuf
  2637 | D:3      | Found a faded altar of an unknown god.
  3048 | D:4      | Reached XP level 6. HP: 43/43 MP: 6/9
  3273 | D:4      | Noticed Edmund
  3332 | D:4      | Reached skill level 1 in Shields
  3571 | D:4      | Killed Edmund
  3572 | D:4      | Reached XP level 7. HP: 21/50 MP: 1/10
  3658 | D:4      | Noticed Sigmund
  3663 | D:4      | Killed Sigmund
  3664 | D:4      | Reached skill level 6 in Hexes
  3723 | D:5      | Entered Level 5 of the Dungeon
  3823 | D:5      | Found a shadowy altar of Dithmenos.
  3828 | D:5      | Became a worshipper of Dithmenos the Shadowed
  3929 | D:5      | Noticed a human
  3930 | D:5      | Found a runed translucent door.
  3931 | D:5      | Found a basalt altar of Yredelemnul.
  4032 | D:5      | Killed a human
  4385 | D:5      | Reached XP level 8. HP: 52/57 MP: 9/12
  4719 | D:5      | Noticed Pikel
  4748 | D:5      | Killed Pikel
  4749 | D:5      | Reached skill level 5 in Dodging
  4749 | D:5      | Reached skill level 7 in Hexes
  4749 | D:5      | Reached skill level 1 in Invocations
  4749 | D:5      | Reached skill level 1 in Evocations
  4854 | D:6      | Noticed Duvessa
  4872 | D:6      | Noticed Dowan
  4908 | D:6      | Killed Duvessa
  4909 | D:6      | Killed Dowan
  5039 | D:6      | Noticed Eustachio
  5055 | D:6      | Found a sacrificial altar of Ru.
  5238 | D:6      | Noticed Grinder
  5244 | D:6      | Killed Grinder
  5244 | D:6      | Reached * piety under Dithmenos
  5245 | D:6      | Reached XP level 9. HP: 64/64 MP: 12/14
  5294 | D:6      | Killed Eustachio
  5295 | D:6      | Reached skill level 8 in Hexes
  5379 | D:6      | Found a snail-covered altar of Cheibriados.
  5422 | D:6      | Noticed Maggie
  5439 | D:6      | Killed Maggie
  5597 | D:6      | Found a hide-covered altar of Uskayaw.
  6371 | D:7      | Found a hazy altar of Hepliaklqana.
  6515 | D:7      | Found a staircase to the Ecumenical Temple.
  6540 | Temple   | Entered the Ecumenical Temple
  6737 | D:7      | Found a broken altar of Ashenzari.
  6741 | D:7      | Found a stormy altar of Qazlal.
  6912 | D:8      | Noticed Joseph
  6928 | D:8      | Killed Joseph
  6929 | D:8      | Reached skill level 9 in Hexes
  6929 | D:8      | Reached XP level 10. HP: 71/71 MP: 16/16
  6938 | D:8      | Found a shimmering blue altar of Sif Muna.
  7013 | D:8      | Found an ornate altar of the Wu Jian Council.
  7086 | D:8      | Noticed a two-headed ogre
  7123 | D:8      | Noticed a two-headed ogre
  7129 | D:8      | Killed a two-headed ogre
  7242 | D:8      | Reached ** piety under Dithmenos
  7455 | D:8      | Noticed a deep elf pyromancer
  7487 | D:8      | Noticed a boulder beetle
  7510 | D:8      | Killed a boulder beetle
  7511 | D:8      | Reached skill level 5 in Ice Magic
  7520 | D:8      | Noticed a cyclops
  7529 | D:8      | Killed a cyclops
  7828 | D:8      | Noticed a centaur warrior
  7835 | D:8      | Killed a centaur warrior
  7836 | D:8      | Reached skill level 10 in Hexes
  7908 | D:8      | Reached skill level 5 in Short Blades
  7934 | D:8      | Reached XP level 11. HP: 63/78 MP: 14/18
  7996 | D:8      | Learned a level 2 spell: Mercury Vapours
  8053 | D:8      | Found a radiant altar of Vehumet.
  8074 | D:8      | Reached *** piety under Dithmenos
  8108 | D:8      | Identified the +1 leather armour "Jonamoav" {-Tele Will+
                  | Str+3 Slay+6}
  8111 | D:8      | Killed a two-headed ogre
  8324 | D:8      | Reached skill level 1 in Alchemy
  8345 | D:8      | Noticed a two-headed ogre
  8345 | D:8      | Noticed a four-headed hydra
  8359 | D:8      | HP: 2/78 [four-headed hydra (6)]
  8369 | D:8      | Killed a four-headed hydra
  8370 | D:8      | Reached skill level 5 in Fighting
  8370 | D:8      | Reached skill level 10 in Stealth
  8370 | D:8      | Reached skill level 5 in Spellcasting
  8370 | D:8      | Reached skill level 1 in Air Magic
  8370 | D:8      | Noticed a tengu warrior
  8391 | D:8      | Killed a deep elf pyromancer
  8400 | D:8      | Killed a two-headed ogre
  8413 | D:8      | Killed a tengu warrior
  8427 | D:8      | Identified the +10 war axe "Xaorro Vits" {spect, Str+2
                  | Dex+4 Stlth-}
  8510 | D:8      | Noticed a five-headed hydra
  8518 | D:8      | Killed a five-headed hydra
  8568 | D:8      | Got the Omnibus of the Ensnaring Storm
  9228 | D:9      | Reached skill level 5 in Shields
  9251 | D:9      | Found a staircase to the Lair.
  9564 | D:9      | Reached **** piety under Dithmenos
  9683 | D:9      | Found an ancient bone altar of Kikubaaqudgha.
  9758 | D:9      | Found Ynefuod's Armour Shop.
  9759 | D:9      | Found a staircase to the Orcish Mines.
 10187 | D:10     | Entered Level 10 of the Dungeon
 10256 | Lair:1   | Entered Level 1 of the Lair of Beasts
 10283 | Lair:1   | Reached skill level 11 in Hexes
 10347 | Lair:1   | Reached skill level 1 in Armour
 10347 | Lair:1   | Reached skill level 5 in Evocations
 10410 | Lair:1   | Reached XP level 12. HP: 44/86 MP: 7/19
 10422 | Lair:1   | Slain by a yak

Illustrated notes

Levels and vault maps discovered:
D:1:      shiori_arrival_oz, layout_basic
D:2:      layout_basic, wander_ebering_terrifying_dragon_lair
D:3:      layout_basic, okawaru_trees_1, marbit_many_paths,
          hellmonk_ecumenical_altar_blasted, uniq_crazy_yiuf_cottage, uniq_robin
D:4:      layout_rooms, minmay_fountain_box, sigmund_edmund_badplayer
D:5:      layout_loops_ring, grunt_dithmenos_smoke, dk_yredelemnul_ordeal,
          serial_library_hellmonk_semicircle, nicolae_titane, uniq_pikel
D:6:      layout_cave_pools, nicolae_uskayaw_suspiria,
          mainiacjoe_overflow_paths, kennysheep_slug_shrine, uniq_edmund,
          uniq_duvessa, uniq_maggie, uniq_eustachio, uniq_grinder
D:7:      minmay_inner_zag, layout_basic, nicolae_overflow_hidden_temple,
          lemuel_doored_altar, minmay_temple_entry_mist, serial_glass,
          glass_columns_a, glass_columns_b, due_unseen_surprise,
          item_on_display_a, feat_on_display, item_on_display_a,
          dk_rats_in_the_wall
D:8:      nzn_winding_woodlands_large [nzn_winding_woodlands_hourglass,
          nzn_winding_woodlands_5x15_default,
          nzn_winding_woodlands_5x5_checkerboard,
          nzn_winding_woodlands_center_triple_pond,
          nzn_winding_woodlands_15x15_boxy_spiral,
          nzn_winding_woodlands_center_lodge,
          nzn_winding_woodlands_5x5_perimeter,
          nzn_winding_woodlands_5x15_crooked, nzn_winding_woodlands_5x5_three],
          layout_basic, lemuel_round_altar, nzn_wu_jian_contemplation,
          old_standard_altar, minmay_quadrilaterals, uniq_joseph
D:9:      layout_roguey, mainiacjoe_overflow_24_doors, minmay_lair_entry_grove,
          orc_david_3, serial_bayou_lagoon_a
D:10:     layout_roguey, uniq_urug
Temple:   nicolae_temple_godpark
Lair:1:   layout_chaotic_city, st_stairs_9, grunt_megastairs_1,
          lemuel_fruit_fields

Skill      XL: |  1  2  3  4  5  6  7  8  9 10 11 |
---------------+----------------------------------+-----
Fighting       | 1 2 3 4 5 |  5.5
Dodging        | 3 4 5 6 7 8 |  8.2
Hexes          | 5 6 7 9 10 11 | 11.2
Stealth        | 5 6 7 8 9 10 | 10.5
Short Blades   | 2 3 4 5 |  5.1
Ice Magic      | 1 2 3 4 5 6 |  6.4
Shields        | 1 2 3 4 5 |  5.3
Spellcasting   | 3 4 5 |  5.2
Invocations    | 2 3 4 |  4.7
Evocations     | 2 3 4 5 |  5.0
Alchemy        | 2 |  2.9
Air Magic      | 2 |  2.3
Armour         | 1 |  1.0

Action                     |  1- 3 |  4- 6 |  7- 9 | 10-12 || total
---------------------------+-------+-------+-------+-------++-------
  Melee: Dagger            |    48 |       |    67 |   562 ||   677
         Bite              |    10 |    23 |    48 |    88 ||   169
         Short sword       |    47 |   172 |   247 |    11 ||   477
         Punch             |       |     1 |     5 |       ||     6
   Cast: Ensorcelled Hiber |     6 |     3 |    22 |    46 ||    77
         Tukima's Dance    |       |     7 |    21 |    25 ||    53
         Confusing Touch   |       |       |     9 |    24 ||    33
         Mercury Vapours   |       |       |       |    32 ||    32
 Invoke: Shadow Step       |       |       |       |     1 ||     1
  Evoke: Wand              |       |       |     1 |     1 ||     2
    Use: Scroll            |       |       |       |    10 ||    10
         Potion            |       |       |       |     1 ||     1
   Stab: Sleeping          |    11 |     9 |    19 |    43 ||    82
         Confused          |       |       |     6 |    21 ||    27
         Distracted        |       |       |     1 |     1 ||     2
         Invisible         |       |       |       |     5 ||     5
 Armour: Robe              |    40 |    66 |   181 |   163 ||   450
         Leather armour    |       |       |       |   204 ||   204
  Dodge: Dodged            |    62 |    88 |   309 |   461 ||   920
  Block: Buckler           |       |       |    25 |   182 ||   207
